Map: Alcyone LE

Players

인공지능 칸 (아주 쉬움) - Winner!

  • Race: Terran Terran
  • Spawn Location: 7:00

Pabu

  • Race: Terran Terran
  • Spawn Location: 1:00

VOD

Have the link to the VOD?

Description

Time

  • Played on: Jan. 20, 2024, 12:45 p.m.
  • Length: 7:05
Show
View Real Time Build Order
Export as new Build Order

인공지능 칸 (아주 쉬움) Terran - Winner!

Build Orders:  

Get SALT Encoding   

  12  0:00  SCV  
  13  0:13  SCV  
  14  0:18  Supply Depot  
  14  0:37  Refinery  
  14  0:42  Barracks  
  14  1:03  Supply Depot  
  14  1:11  Refinery  
  14  1:29  Marine, SCV  
  16  1:41  SCV  
  17  1:53  SCV  
  18  2:02  Marine  
  18  2:05  SCV  
  20  2:17  SCV  
  21  2:29  SCV  
  22  2:34  Marine  
  23  2:42  Orbital Command  
  23  4:01  SCV  
  23  5:16  SCV  
  23  5:49  SCV, Marine  
  25  5:51  Supply Depot  
  25  5:54  Factory  
  24  6:01  SCV  
  23  6:13  SCV  
  23  6:16  Supply Depot  
  24  6:20  Marine  
  25  6:25  SCV  
  26  6:37  SCV  
  26  6:39  Barracks Tech Lab  
  27  6:41  Starport  
  27  6:46  Command Center  
Show
View Real Time Build Order
Export as new Build Order

Pabu Terran 

Build Orders:  

Get SALT Encoding   

  12  0:00  SCV  
  13  0:12  SCV  
  14  0:17  Supply Depot  
  14  0:24  SCV  
  15  0:38  SCV  
  15  0:39  Barracks  
  16  0:44  Refinery  
  16  0:50  SCV  
  17  0:57  Refinery  
  17  1:02  SCV  
  18  1:15  SCV  
  19  1:27  Orbital Command, Reaper  
  19  1:28  Supply Depot  
  20  1:44  Factory  
  20  1:52  SCV  
  21  1:59  Reaper  
  22  2:05  SCV  
  23  2:17  SCV  
  23  2:20  Command Center  
  24  2:29  Hellion  
  26  2:30  SCV  
  26  2:34  Reaper  
  28  2:38  Supply Depot  
  28  2:42  SCV  
  28  2:44  Starport  
  29  2:52  Hellion  
  31  3:00  SCV  
  32  3:06  Barracks Reactor  
  32  3:12  SCV  
  33  3:13  Cyclone  
  35  3:24  SCV  
  35  3:25  Medivac  
  38  3:31  Orbital Command  
  38  3:36  SCV  
  39  3:44  Marine x2  
  39  3:45  Cyclone  
  43  3:48  SCV  
  43  3:50  Barracks  
  43  3:51  Barracks  
  44  3:57  SCV  
  44  3:58  Starport Tech Lab  
  44  4:00  SCV  
  46  4:06  Supply Depot  
  46  4:07  Marine  
  46  4:09  Marine, SCV  
  49  4:13  SCV  
  50  4:18  Raven, Factory Tech Lab  
  50  4:23  SCV  
  53  4:25  SCV  
  54  4:35  SCV  
  54  4:36  Marine x2  
  54  4:37  SCV  
  58  4:46  Stimpack  
  58  4:47  SCV  
  58  4:48  Command Center  
  58  4:49  SCV  
  60  4:55  Marine x2  
  62  5:01  Supply Depot  
  62  5:04  Marauder, SCV x2  
  62  5:06  Combat Shield  
  66  5:07  Supply Depot  
  66  5:08  Starport Reactor, Marauder  
  66  5:11  Refinery  
  66  5:14  Refinery  
  68  5:17  SCV x2  
  70  5:24  Supply Depot  
  70  5:28  Factory Reactor  
  70  5:29  SCV x2  
  70  5:31  Marine x3  
  70  5:32  Marine  
  76  5:41  SCV x2, Supply Depot  
  78  5:46  Supply Depot  
  78  5:47  Medivac x2  
  82  5:53  Marine, Marauder x2  
  86  5:57  Marine  
  86  6:00  SCV x2  
  86  6:02  Orbital Command  
  89  6:11  Engineering Bay  
  89  6:12  Engineering Bay  
  89  6:18  Medivac  
  89  6:19  Medivac  
  89  6:20  Widow Mine  
  89  6:21  Orbital Command, Widow Mine  
  97  6:29  Marauder x2, Marine x2  
  97  6:32  SCV x2  
  105  6:44  SCV x2  
  105  6:46  Supply Depot x2  
  107  6:50  SCV  
Tags
 
Matchup
TvT
Race
Terran
Spawn Locations
Cross Positions
Add a new tag
Caveats
  • Supply blocks, unpowered buildings, or Contaminate may cause inaccurate times.
  • Supply counts are checked every 10 seconds.